 Dungeon Crawl Stone Soup version 0.30.0-29-ga12c61a403 (webtiles) character file.

Game seed: 13848427375160377177

3183 growler the Devastator (level 9, -3/45 HPs)
             Began as a Tengu Conjurer on June 6, 2023.
             Was a Follower of Vehumet.
             Slain by a wolf (5 damage)
             ... led by Grum
             ... on level 9 of the Dungeon.
             The game lasted 00:27:22 (9847 turns).

growler the Devastator (Tengu Conjurer)             Turns: 9847, Time: 00:27:24

Health: -3/45      AC:  8    Str: 13    XL:     9   Next: 95%
Magic:  16/20      EV: 14    Int: 30    God:    Vehumet [*.....]
Gold:   567        SH:  0    Dex: 12    Spells: 8/22 levels left

rFire   . . .        l - +7 whip of Fate {venom, rElec rC+}
rCold   + . .        (no shield)
rNeg    . . .        E - +6 toga "Victory" {*Victory Int+6 Slay+6 Clar}
rPois   .            (helmet restricted)
rElec   +            (no cloak)
rCorr   .            (no gloves)
SInv    .            (boots unavailable)
Will    .....        F - amulet of magic regeneration
Stlth   ++           B - +6 ring of strength
HPRegen 0.27/turn    (no ring)
MPRegen 0.57/turn

%: clarity
@: flying quickly and evasively, quick
A: beak, talons 3, nimble flight
a: Renounce Religion


You were on level 9 of the Dungeon.
You worshipped Vehumet.
Vehumet was aware of your devotion.
You visited 2 branches of the dungeon, and saw 10 of its levels.

You collected 567 gold pieces.

Inventory:

Hand Weapons
 l - the +7 whip of Fate (weapon) {venom, rElec rC+}
   (You found it on level 2 of the Dungeon)

   rC:        It protects you from cold.
   rElec:     It insulates you from electricity.
Missiles
 o - 2 throwing nets
Armour
 c - a +2 robe of willpower
 E - the +6 toga "Victory" (worn) {*Victory Int+6 Slay+6 Clar}
   (You found it on level 7 of the Dungeon)

   *Victory:  When the wearer kills a threatening monster, it has a chance to
   gain +1 AC, +1 Slay, and +1 Int, capping at +7.
   When the wearer uses a scroll or a potion with a hostile monster in sight,
   its bonuses reset to +0.
   Unequipping it also resets its bonuses to +0.
   Int:       It affects your intelligence (+6).
   Slay:      It affects your accuracy & damage with ranged weapons and melee
   (+6).
   Clar:      It protects you from confusion, rage, mesmerisation and fear.
Jewellery
 w - a ring of positive energy
 y - an amulet of faith
 B - a +6 ring of strength (left hand)
 F - an amulet of magic regeneration (around neck)
Wands
 s - a wand of light (9)
 v - a wand of charming (13)
 D - a wand of flame (25)
Scrolls
 d - 2 scrolls of immolation
 g - 2 scrolls of fog {unknown}
 h - a scroll of blinking
 j - 7 scrolls of teleportation
 k - a scroll of poison
 m - a scroll of vulnerability
 n - a scroll of silence {unknown}
 q - a scroll of torment
 r - 2 scrolls of enchant weapon
 A - a scroll of brand weapon {unknown}
Potions
 a - a potion of haste
 b - a potion of magic
 e - a potion of resistance {unknown}
 f - 4 potions of might
 i - 7 potions of curing
 p - a potion of lignification {unknown}
 t - 2 potions of brilliance
 u - a potion of heal wounds
 x - a potion of berserk rage
 z - a potion of attraction
 C - a potion of cancellation {unknown}
 G - a potion of invisibility {unknown}


   Skills:
 - Level 2.1 Dodging
 - Level 2.0 Stealth
 - Level 7.0 Spellcasting
 + Level 15.5 Conjurations


You had 8 spell levels left.
You knew the following spells:

 Your Spells              Type           Power      Damage    Failure   Level
a - Magic Dart            Conj           100%       1d8       0%          1
b - Searing Ray           Conj           100%       2d8       0%          2
c - Dazzling Flash        Conj/Hex       100%       N/A       1%          3
d - Fulminant Prism       Conj/Hex       27%        3d13      1%          4
e - Iskenderun's Mystic   Conj/Tloc      54%        2d12      1%          4

Your spell library contained the following spells:

 Spells                   Type           Power      Damage    Failure   Level
 Shock                    Conj/Air       100%       1d9       1%          1
 Arcjolt                  Conj/Air       27%        1d37      5%          5
 Irradiate                Conj/Tmut      27%        3d20      5%          5
 Sublimation of Blood     Necr           10%        N/A       7%          2
 Frozen Ramparts          Ice            20%        1d4       14%         3
 Portal Projectile        Hex/Tloc       20%        N/A       14%         3
 Tukima's Dance           Hex            10%        N/A       14%         3
 Vhi's Electric Charge    Tloc/Air       20%        N/A       14%         3
 Volatile Blastmotes      Fire/Tloc      20%        2d11      14%         3
 Animate Dead             Necr           10%        N/A       43%         4
 Ice Form                 Ice/Tmut       10%        N/A       43%         4
 Petrify                  Tmut/Erth      10%        N/A       43%         4
 Summon Ice Beast         Ice/Summ       10%        N/A       43%         4
 Blade Hands              Tmut           5%         N/A       78%         5
 Borgnjor's Vile Clutch   Necr/Erth      5%         N/A       78%         5
 Lee's Rapid Deconstruct  Erth           5%         3d6*      78%         5
 Death Channel            Necr           5%         N/A       100%        6
 Maxwell's Capacitive Co  Air            5%         ∞         100%        8


Dungeon Overview and Level Annotations

Branches:
Dungeon (9/15)             Temple (1/1) D:5
   Lair: D:8-11         Orc: D:9-12

Altars:
Dithmenos
Fedhas
Hepliaklqana
Kikubaaqudgha
Makhleb
Okawaru
Qazlal
Ru
Uskayaw
Vehumet
Wu Jian
Yredelemnul
The Shining One

Shops:
D:1 *   D:2 [   D:3 *   D:8 [

Annotations:
D:4 1 runed translucent door
D:6 3 runed translucent doors, knightboat's ghost, novice FoWr
D:9 Erolcha; Grum


Innate Abilities, Weirdness & Mutations

You have a beak for a mouth.
You have claws for feet.
Your magical nature lets you fly swiftly and evasively.


Message History

The wolf howls!
The wolf bites you but does no damage.
You whack the wolf!
The wolf looks as sick as possible!
You claw the wolf, but do no damage.
The wolf is severely wounded.
The wolf bites you. The wolf closely misses you. x2
Grum the Hunter comes into view.
He is wielding a -2 spear.
You barely miss the wolf.
The wolf is almost dead.
The +6 toga "Victory" glows.
You kill the wolf!
Vehumet accepts your kill. The wolf barely misses you. The wolf bites you.
You whack the wolf!
The wolf is poisoned.
You claw the wolf!
The wolf is severely wounded.
The wolf barely misses you. The wolf closely misses you.
Grum hits you but does no damage.
Casting: Magic Dart (safe; 0% risk of failure)
Confirm with . or Enter, or press ? or * to list all spells.
Aiming: Fulminant Prism (dangerous; 1% risk of failure)
Press: ? - help, Dir - move target You conjure a prism of explosive energy!
A fulminant prism comes into view.
The wolf bites you.
A wolf comes into view.
Erolcha mumbles some strange words.
Erolcha flickers and vanishes!
Deactivating autopickup; reactivate with Ctrl-A.
Grum hits you from afar with a -2 spear!
Unknown command.
Really read with monsters nearby while wearing the +6 toga "Victory"?
Okay, then.
You miss the wolf. Your kick misses the wolf.
The wolf is severely wounded.
The wolf closely misses you. The wolf misses you.
Grum hits you from afar with a -2 spear!
* * * LOW HITPOINT WARNING * * *
Your fulminant prism crackles loudly.
The wolf bites you.
You die...

... ######'## .
##########...#.... ..
#........#...'.... ...
#........'...#.... ....
#........#...##### .....
#######'##...#..>.
......#†...#...#...#....
....*.h@...'...#...#....
.....g#h...#...#...#....
..... #....#...#####....
.... ######.......#####
... #.......#.... ..
#.......#.... .
#.......#....
#...#...#####
#............


You could see Grum (ally target), 2 wolves and a friendly fulminant prism.

Vanquished Creatures
  Erica (D:9)
  Joseph (D:8)
  A wyvern (D:8)
  Menkaure (D:4)
  A sky beast (D:8)
  A wolf (D:9)
  A centaur (D:9)
  A phantom (D:7)
  2 kobold brigands
  2 bullfrogs
  4 scorpions
  3 jellies
  3 wights (D:6)
  4 howler monkeys
  3 hounds (D:5)
  2 orc priests (D:7)
  A gnoll bouda (D:4)
  3 iguanas
  A sleepcap (D:6)
  Jessica (D:3)
  Ijyb (D:5)
  2 human skeletons (D:4)
  4 orc wizards
  7 gnolls
  7 adders
  A shadow imp (D:7)
  A white imp (D:8)
  4 ufetubi
  2 worms
  4 dart slugs
  20 orcs
  11 endoplasms
  8 giant cockroaches
  6 goblins
  15 hobgoblins
  3 jackals (D:1)
  15 kobolds
  4 ball pythons
  8 bats
  A frilled lizard (D:3)
  5 rats
166 creatures vanquished.

Vanquished Creatures (others)
  22 fulminant prisms
22 creatures vanquished.

Grand Total: 188 creatures vanquished

Notes
Turn   | Place    | Note
-------+----------+-------------------------------------------
     0 | D:1      | growler the Tengu Conjurer began the quest for the Orb.
     0 | D:1      | Reached XP level 1. HP: 10/10 MP: 4/4
   209 | D:1      | Reached XP level 2. HP: 15/15 MP: 1/6
   212 | D:1      | Learned a level 2 spell: Searing Ray
   695 | D:1      | Reached XP level 3. HP: 19/19 MP: 4/8
   698 | D:1      | Reached skill level 6 in Conjurations
   702 | D:1      | Learned a level 3 spell: Dazzling Flash
   810 | D:1      | Found a faded altar of an unknown god.
   860 | D:1      | Found Xudis's Assorted Antiques.
  1329 | D:2      | Found Dampyame's Armour Shoppe.
  1445 | D:2      | Reached XP level 4. HP: 24/24 MP: 1/9
  1446 | D:2      | Identified the +7 whip of Fate {venom, rElec rC+}
  2507 | D:3      | Gained mutation: Your magical nature lets you fly swiftly
                  | and evasively. [Tengu growth]
  2507 | D:3      | Reached XP level 5. HP: 22/28 MP: 8/11
  2512 | D:3      | Learned a level 4 spell: Fulminant Prism
  2566 | D:3      | You are sucked into a shaft and drop 1 floor!
  2648 | D:3      | Noticed Jessica
  2651 | D:3      | Killed Jessica
  2652 | D:3      | Reached skill level 7 in Conjurations
  3093 | D:3      | Found Xunyh's Assorted Antiques.
  3217 | D:3      | Found an iron altar of Okawaru.
  3218 | D:3      | Found an ancient bone altar of Kikubaaqudgha.
  3618 | D:4      | Noticed Menkaure
  3624 | D:4      | Killed Menkaure
  3625 | D:4      | Reached skill level 8 in Conjurations
  3625 | D:4      | Reached XP level 6. HP: 23/32 MP: 5/13
  3630 | D:4      | Learned a level 4 spell: Iskenderun's Mystic Blast
  3693 | D:4      | Found a blossoming altar of Fedhas.
  3710 | D:4      | Found a stormy altar of Qazlal.
  4292 | D:4      | Found a runed translucent door.
  4292 | D:4      | Noticed a human
  4296 | D:4      | Found a basalt altar of Yredelemnul.
  4307 | D:4      | Reached XP level 7. HP: 36/36 MP: 15/15
  4473 | D:5      | Entered Level 5 of the Dungeon
  4512 | D:5      | Noticed Ijyb
  4521 | D:5      | Killed Ijyb
  4522 | D:5      | Reached skill level 5 in Spellcasting
  4784 | D:5      | Found a staircase to the Ecumenical Temple.
  4793 | Temple   | Entered the Ecumenical Temple
  4850 | Temple   | Became a worshipper of Vehumet
  4925 | D:5      | Reached skill level 9 in Conjurations
  5320 | D:5      | Found a sacrificial altar of Ru.
  5770 | D:6      | Reached XP level 8. HP: 12/40 MP: 8/18
  6047 | D:6      | Reached skill level 10 in Conjurations
  6115 | D:6      | Found a runed translucent gate.
  6116 | D:6      | Found a runed translucent gate.
  6116 | D:6      | Identified the +13 chain mail of Maucwoyt {Dex+2}
  6117 | D:6      | Found a runed translucent gate.
  6119 | D:6      | Noticed knightboat's ghost (novice FoWr)
  7005 | D:7      | Reached skill level 11 in Conjurations
  7209 | D:7      | Reached * piety under Vehumet
  7209 | D:7      | Offered knowledge of Shock by Vehumet.
  7321 | D:7      | Found an ornate altar of the Wu Jian Council.
  7394 | D:7      | Found the +0 toga "Victory" {*Victory Clar}
  7635 | D:7      | Reached skill level 12 in Conjurations
  7635 | D:7      | Reached XP level 9. HP: 36/45 MP: 17/20
  8077 | D:8      | Found Feibb's Antique Armour Boutique.
  8201 | D:8      | Found a shadowy altar of Dithmenos.
  8245 | D:8      | Found a hide-covered altar of Uskayaw.
  8504 | D:8      | Noticed Joseph
  8527 | D:8      | Killed Joseph
  8528 | D:8      | Reached skill level 13 in Conjurations
  8667 | D:8      | Found a burning altar of Makhleb.
  8853 | D:9      | Noticed Erica
  8867 | D:9      | Killed Erica
  8868 | D:9      | Reached skill level 14 in Conjurations
  9274 | D:9      | Reached skill level 15 in Conjurations
  9666 | D:9      | Noticed Erolcha
  9843 | D:9      | Noticed Grum
  9847 | D:9      | HP: 2/45 [Grum/-2 spear (14)]
  9847 | D:9      | Slain by a wolf

Illustrated notes

Levels and vault maps discovered:
D:1:      amcnicky_arrival_abandoned_market, layout_loops_ring,
          hellmonk_ecumenical_altar_defaced_shrine, serial_shops, shop
D:2:      layout_basic, serial_shops, shop
D:3:      layout_basic, gammafunk_temple_overflow_statue, serial_shops,
          nicolae_shop_statue_plus, uniq_jessica
D:4:      layout_rooms, dk_yredelemnul_ordeal,
          grunt_temple_overflow_forces_of_nature, minmay_misc_feat_five,
          minmay_pentangle, uniq_menkaure
D:5:      layout_basic, hangedman_ru_absence, temple_fountains, nrook_campfire,
          kennysheep_path_1, uniq_ijyb
D:6:      layout_gridville, biasface_ghost_orc_armoury,
          kennysheep_generic_room_4
D:7:      layout_basic, nicolae_wu_jian_wuxing_cycle
D:8:      layout_rooms, mainiacjoe_overflow_tiny_flanked,
          eat_drink_and_be_merry_uskayaw,
          mainiacjoe_overflow_concentric_impassable, serial_shops, shop,
          minivault_25, uniq_joseph
D:9:      layout_grid_maze, uniq_erolcha, uniq_erica, uniq_grum
Temple:   grunt_temple_mini_profane

Skill      XL: |  1  2  3  4  5  6  7  8  9 |
---------------+----------------------------+-----
Conjurations   | 6 8 9 12 15 | 15.5
Spellcasting   | 3 4 6 7 |  7.0
Dodging        | |  2.1
Stealth        | |  2.0

Action                     |  1- 3 |  4- 6 |  7- 9 || total
---------------------------+-------+-------+-------++-------
  Melee: Peck              |     1 |     3 |     3 ||     7
         Unarmed           |     1 |       |       ||     1
         Whip              |       |    13 |    17 ||    30
         Kick              |       |     4 |     6 ||    10
         Punch             |       |       |     1 ||     1
   Cast: Magic Dart        |    78 |   115 |   188 ||   381
         Searing Ray       |       |     5 |    12 ||    17
         Fulminant Prism   |       |       |    23 ||    23
         Iskenderun's Myst |       |       |     1 ||     1
    Use: Scroll            |       |     5 |    11 ||    16
         Potion            |       |       |     1 ||     1
 Armour: Robe              |     6 |     6 |     7 ||    19
  Dodge: Dodged            |     6 |    21 |    49 ||    76
